 Dungeon Crawl Stone Soup version 0.23-a0-305-g7ffd15e (webtiles) character file.

7277 namelastname112 the Quickloader (level 10, -14/88 HPs)
             Began as a Grey Draconian Hunter on Oct 9, 2018.
             Was a Believer of Dithmenos.
             Demolished by a freezing wraith (19 damage)
             ... led by a death knight
             ... on level 11 of the Dungeon.
             The game lasted 00:15:52 (9854 turns).

namelastname112 the Quickloader (DrHu)              Turns: 9854, Time: 00:15:52

Health: -14/88     AC: 17    Str: 23    XL:     10   Next: 89%
Magic:  10/10      EV: 16    Int: 13    God:    Dithmenos [**....]
Gold:   493        SH:  0    Dex: 14    Spells: 9/9 levels left

rFire    . . .     SeeInvis .   y - +7 falchion of the Eight Coins {slice, *Contam +Rage +Inv}
rCold    . . .     Gourm    .   (no shield)
rNeg     . . .     Faith    .   (armour unavailable)
rPois    .         Spirit   .   (helmet restricted)
rElec    .         Reflect  .   (no cloak)
rCorr    .         Harm     .   t - +2 pair of gloves
MR       .....                  g - +0 pair of boots
Stlth    ++++......             (no amulet)
HPRegen  0.24/turn              D - +4 ring of strength
MPRegen  0.12/turn              s - +1 ring of protection

@: mighty, about to teleport, wreathed by umbra
A: walk through water, unfitting armour, unbreathing, cold-blooded, AC +12
a: Shadow Step, Renounce Religion, Evoke Berserk Rage, Evoke Invisibility


You were on level 11 of the Dungeon.
You worshipped Dithmenos.
Dithmenos was pleased with you.
You were not hungry.

You visited 2 branches of the dungeon, and saw 12 of its levels.

You collected 493 gold pieces.

Inventory:

Hand Weapons
 a - a +2 hand crossbow
 b - a +0 short sword
 y - the +7 falchion of the Eight Coins (weapon) {slice, *Contam +Rage +Inv}
   (You found it on level 6 of the Dungeon)

   It inflicts extra damage upon your enemies.
   It lets you turn invisible.
   It lets you go berserk.
   It causes magical contamination when unequipped.
Missiles
 c - 56 bolts
Armour
 g - a +0 pair of boots (worn)
 t - a +2 pair of gloves (worn)
Jewellery
 s - a +1 ring of protection (right hand)
 D - a +4 ring of strength (left hand)
Wands
 e - a wand of flame (25)
 w - a wand of acid (16)
Scrolls
 k - 3 scrolls of enchant weapon
 l - 2 scrolls of amnesia
 m - 2 scrolls of immolation
 n - 5 scrolls of remove curse
 p - a scroll of teleportation
 x - 3 scrolls of enchant armour
 B - a scroll of vulnerability {unknown}
 C - a scroll of identify
Potions
 f - a potion of invisibility
 h - 3 potions of flight
 i - 3 potions of lignification {unknown}
 j - a potion of might
 o - a potion of resistance
 r - a potion of magic
 u - a potion of haste
 v - a potion of mutation
 z - a potion of heal wounds
 A - 4 potions of curing
Comestibles
 d - 12 rations


   Skills:
 + Level 7.8 Fighting
 - Level 3.5(5.0) Short Blades
 + Level 5.4(6.0) Long Blades
 * Level 9.8 Crossbows
 + Level 6.4 Dodging
 + Level 6.8 Stealth


You had 9 spell levels left.
You didn't know any spells.
Your spell library contained the following spells:

 Spells                   Type           Power        Failure   Level  Hunger
 Animate Skeleton         Necr           N/A          30%         1    ##.....
 Apportation              Tloc           #.....       30%         1    ##.....
 Confusing Touch          Hex            #.....       30%         1    ##.....
 Summon Small Mammal      Summ           #...         30%         1    ##.....


Dungeon Overview and Level Annotations

Branches:
Dungeon (11/15)            Temple (1/1) D:6            Lair (0/6) D:8
    Orc: D:9-12

Altars:
Ashenzari
Cheibriados
Dithmenos
Elyvilon
Fedhas
Gozag
Hepliaklqana
Kikubaaqudgha
Makhleb
Nemelex Xobeh
Okawaru
Qazlal
Ru
Sif Muna
Trog
Uskayaw
Vehumet
Wu Jian
Xom
Yredelemnul
Zin
The Shining One

Shops:
D:9 !   D:11 !

Annotations:
D:3 2 transporters


Innate Abilities, Weirdness & Mutations

You can walk through water.
Your dull iron-grey scales are very hard. (AC +12)
You cannot fit into any form of body armour.
You can survive without breathing.
You are cold-blooded and may be slowed by cold attacks.


Message History

The death knight freezes you. The wraith hits you but does no damage.
The freezing wraith barely misses you.
The freezing wraith hits you but does no damage.
You regained 3 hp, and now have 31/88 hp.
Okay, then.
The wraith hits you but does no damage. The freezing wraith hits you.
* * * LOW HITPOINT WARNING * * *
The freezing wraith freezes you!
* * * LOW HITPOINT WARNING * * *
The freezing wraith completely misses you.
You take 23 damage, and have 8/88 hp.
MASSIVE DAMAGE!!
The death knight offers itself to Yredelemnul, and fills with unholy energy.
The freezing wraith hits you but does no damage.
The freezing wraith misses you.
The death knight's dark mirror aura disappears.
As you read the scroll of teleportation, it crumbles to dust.
You feel strangely unstable. The freezing wraith hits you.
* * * LOW HITPOINT WARNING * * *
The freezing wraith freezes you!!
You die...

#...##...# #...##...#
#........# #........#
#######........#
#..............#
##+####............#.#
...........<.......#.#
........@..........#.#
.......W####.......#.#
........####.......#.#
..........p........#.#
.........W...........#
######################


You could see a freezing wraith.

Vanquished Creatures
  An unseen horror (D:10)
  An ugly thing (D:11)
  A gargoyle (D:10)
  A troll (D:8)
  A hornet (D:8)
  A hippogriff (D:9)
  A spriggan (D:10)
  A wraith (D:11)
  3 yaks (D:10)
  A wyvern (D:9)
  A water moccasin (D:8)
  A porcupine (D:8)
  An ice beast (D:5)
  A sky beast (D:9)
  3 orc warriors
  4 black bears
  2 necrophages
  3 ogres
  2 phantoms
  3 centaurs
  2 crocodiles
  3 bullfrogs
  11 killer bees
  4 scorpions
  3 wights (D:10)
  A howler monkey (D:4)
  6 crimson imps
  A jelly (D:7)
  A quasit (D:11)
  7 hounds
  8 orc priests
  A bullfrog skeleton (D:5)
  10 orc wizards
  9 worker ants
  2 iguanas
  A hound zombie (D:5)
  5 gnolls
  5 adders
  5 shadow imps
  An adder zombie (D:8)
  An adder skeleton (D:4)
  2 worms
  2 dart slugs (D:1)
  4 leopard geckos
  35 orcs
  4 bats
  7 giant cockroaches
  5 hobgoblins
  3 jackals (D:2)
  3 quokkas
  A ball python (D:3)
  6 frilled lizards
  6 goblins
  5 kobolds
  A quokka skeleton (D:4)
  7 rats
211 creatures vanquished.

Vanquished Creatures (others)
  6 fungi (D:8)
  3 plants (D:8)
9 creatures vanquished.

Grand Total: 220 creatures vanquished

Notes
Turn   | Place    | Note
-------+----------+-------------------------------------------
     0 | D:1      | namelastname112 the Draconian Hunter began the quest for
                  | the Orb.
     0 | D:1      | Reached XP level 1. HP: 17/17 MP: 1/1
     6 | D:1      | Noticed a worker ant
     6 | D:1      | Noticed a swamp worm
     7 | D:1      | Noticed a polar bear
     7 | D:1      | Noticed a black mamba
   127 | D:1      | Reached skill level 1 in Stealth
   138 | D:1      | Reached XP level 2. HP: 23/25 MP: 2/2
   294 | D:1      | Reached XP level 3. HP: 20/30 MP: 3/3
   302 | D:1      | Reached skill level 1 in Short Blades
   302 | D:1      | Reached skill level 4 in Crossbows
  1139 | D:2      | Reached XP level 4. HP: 37/37 MP: 4/4
  1431 | D:3      | Found an ancient bone altar of Kikubaaqudgha.
  1435 | D:3      | Found a sparkling altar of Nemelex Xobeh.
  1435 | D:3      | Found an ornate altar of the Wu Jian Council.
  1435 | D:3      | Found an opulent altar of Gozag.
  1435 | D:3      | Found a glowing golden altar of the Shining One.
  1684 | D:3      | Found a transporter.
  1734 | D:3      | Found a transporter.
  1843 | D:3      | Reached XP level 5. HP: 38/45 MP: 5/5
  2277 | D:5      | Entered Level 5 of the Dungeon
  2348 | D:5      | Reached XP level 6. HP: 19/51 MP: 6/6
  2535 | D:5      | Reached skill level 5 in Crossbows
  2950 | D:5      | Noticed an ice beast
  2972 | D:5      | Killed an ice beast
  2972 | D:5      | Your scales start taking on a dull iron-grey colour.
  2972 | D:5      | Reached XP level 7. HP: 51/58 MP: 7/7
  2972 | D:5      | Gained mutation: You can survive without breathing. [Grey
                  | Draconian growth]
  3661 | D:4      | Found an opulent altar of Gozag.
  4114 | D:5      | Reached skill level 6 in Crossbows
  4462 | D:6      | Reached XP level 8. HP: 67/67 MP: 8/8
  4496 | D:6      | Found a staircase to the Ecumenical Temple.
  4502 | D:6      | Got a steaming falchion
  4503 | D:6      | Identified the +7 falchion of the Eight Coins {slice,
                  | *Contam +Rage +Inv} (You found it on level 6 of the
                  | Dungeon)
  4516 | Temple   | Entered the Ecumenical Temple
  4891 | D:6      | Found a shadowy altar of Dithmenos.
  4911 | D:6      | Became a worshipper of Dithmenos the Shadowed
  5071 | D:7      | Reached skill level 1 in Long Blades
  5092 | D:7      | Reached skill level 5 in Fighting
  5366 | D:7      | Reached skill level 7 in Crossbows
  5570 | D:7      | Reached * piety under Dithmenos
  5570 | D:7      | Reached XP level 9. HP: 74/74 MP: 9/9
  5946 | D:8      | Reached skill level 5 in Stealth
  5987 | D:8      | Reached skill level 5 in Dodging
  6293 | D:8      | Paralysed by a hornet for 1 turns
  6584 | D:8      | Reached skill level 8 in Crossbows
  6654 | D:8      | Found a staircase to the Lair.
  6960 | D:8      | Noticed a troll
  6974 | D:8      | Killed a troll
  7299 | D:9      | Found a bloodstained altar of Trog.
  7694 | D:9      | Reached XP level 10. HP: 48/84 MP: 10/10
  7952 | D:9      | Reached ** piety under Dithmenos
  8008 | D:9      | Found Usepu's Distillery.
  8304 | D:10     | Entered Level 10 of the Dungeon
  8361 | D:10     | Noticed a gargoyle
  8370 | D:10     | Killed a gargoyle
  8370 | D:10     | Reached skill level 9 in Crossbows
  8932 | D:10     | Killed an unseen horror
  9178 | D:10     | Reached skill level 5 in Long Blades
  9624 | D:11     | Found Ostaj's Distillery.
  9639 | D:11     | Noticed a white ugly thing
  9653 | D:11     | Killed a white ugly thing
  9807 | D:11     | Noticed a death knight
  9854 | D:11     | Demolished by a freezing wraith

Vault maps used:
D:1:      onia_arrival_zoo_common
D:2:      first_ration
D:3:      gammafunk_wand_slinger, minitemple
D:4:      grunt_ministairs_8, nicolae_gozag_cash_rules_everything_around_me
D:5:      minmay_misc_feat_roman, hangedman_decor_push
D:6:      nicolae_dithmenos_the_darkroom, minmay_temple_entry_statues
D:7:      serial_glass, glass_columns_c, glass_columns_b
D:8:      grunt_lair_entry_orc_guard_hut, uniq_maurice
D:9:      trog_ov_bears_minmay, serial_shops, kennysheep_little_box
D:10:     the_bakery
D:11:     serial_shops, shop
Temple:   regret_index_temple_generic_petals

Skill      XL: |  1  2  3  4  5  6  7  8  9 10 |
---------------+-------------------------------+-----
Stealth        | 1 2 3 4 5 6 |  6.8
Dodging        | 2 3 4 5 6 |  6.4
Short Blades   | 1 2 3 |  3.5
Crossbows      | 4 5 6 7 8 9 |  9.8
Fighting       | 3 4 5 6 7 |  7.8
Long Blades    | 2 4 5 |  5.4

Action                   |  1- 3 |  4- 6 |  7- 9 | 10-12 || total
-------------------------+-------+-------+-------+-------++-------
Melee: Short sword       |    76 |   151 |       |       ||   227
       Tailslap          |     9 |    17 |    30 |    29 ||    85
       Falchion          |       |       |   198 |   183 ||   381
 Fire: Hand crossbow     |    26 |    62 |   109 |       ||   197
Evoke: Wand              |       |       |     2 |       ||     2
  Use: Scroll            |       |       |    12 |     8 ||    20
       Potion            |       |       |       |     2 ||     2
 Stab: Sleeping          |     2 |     3 |     5 |     7 ||    17
       Distracted        |       |       |       |     2 ||     2
  Eat: Chunk             |     1 |     6 |     8 |     7 ||    22
       Ration            |       |       |     2 |       ||     2
Armor: Skin              |    28 |    52 |   113 |    78 ||   271
Dodge: Dodged            |    46 |   130 |   227 |   144 ||   547
       Rpst.: Falchion   |       |       |    57 |    38 ||    95

Table legend:
 A = Non-vault XP
 B = Vault XP
 C = Vault XP percentage of total XP
 D = Non-vault monster count
 E = Vault monster count
 F = Vault count percentage of total count
                 A         B        C        D         E       F
            +---------+---------+-------+---------+---------+-------
      Total |    9240 |    1157 |  11.1 |     202 |       9 |   4.3
            +---------+---------+-------+---------+---------+-------
        D:1 |      70 |       0 |   0.0 |      25 |       0 |   0.0
        D:2 |      83 |       0 |   0.0 |      13 |       0 |   0.0
        D:3 |      50 |       0 |   0.0 |      19 |       0 |   0.0
        D:4 |     328 |       0 |   0.0 |      15 |       0 |   0.0
        D:5 |     742 |       0 |   0.0 |      20 |       0 |   0.0
        D:6 |     425 |       0 |   0.0 |      17 |       0 |   0.0
        D:7 |    1113 |       0 |   0.0 |      22 |       0 |   0.0
        D:8 |    1172 |     676 |  36.6 |      16 |       6 |  27.3
        D:9 |    1390 |     261 |  15.8 |      20 |       2 |   9.1
       D:10 |    2732 |     220 |   7.5 |      27 |       1 |   3.6
       D:11 |    1135 |       0 |   0.0 |       8 |       0 |   0.0
            +---------+---------+-------+---------+---------+-------
